 Dungeon Crawl Stone Soup version 0.24.0-13-gcf9b3192b9 (webtiles) character file.

Game seed: 15775834383123287644, levelgen mode: deterministic

946505 Amplified the Minotaur Barricade (level 27, -2/285 (286) HPs)
             Began as a Minotaur Skald on Nov 4, 2019.
             Was the Champion of Kikubaaqudgha.
             Slain by a Killer Klown
             ... wielding a +10 club
              (13 damage)
             ... on level 5 of the Realm of Zot on Nov 5, 2019.
             The game lasted 02:42:22 (74220 turns).

Amplified the Minotaur Barricade (Minotaur Skald)  Turns: 74220, Time: 02:42:22

HP:   -2/285 (286)  AC: 29    Str: 34    XL:     27
MP:   1/26          EV: 18    Int:  8    God:    Kikubaaqudgha [******]
Gold: 3441          SH: 35    Dex:  8    Spells: 27/51 levels left

rFire    + + .     SeeInvis +   a - +9 broad axe (elec)
rCold    + . .     Gourm    .   R - +7 large shield {reflect}
rNeg     + + .     Faith    .   o - +5 chain mail of True Grit {rF+ rN+ rCorr}
rPois    +         Spirit   .   O - +1 hat of Submission {Str+4 Stlth+}
rElec    +         Reflect  +   p - scarf {rC+ rF+}
rCorr    +         Harm     .   P - +3 pair of gauntlets of War {Slay+5}
MR       ++++.     Rnd*Rage +   s - +0 pair of boots of Dishonour {*Slow rPois SInv Stlth+} Stlth ..........Rnd*Tele +
                                H - necklace of Bloodlust {*Rage +Rage MR++ Int-3 Slay+6 *Curse} (curse)
HPRegen  0.00/turn              I - +4 ring of slaying
MPRegen  0.20/turn              b - ring of Godonleh {rElec rPois rN+ Int+3}

@: berserking, constricted, very quick
A: retaliatory headbutt, hooves 1, horns 2, yellow scales 1, berserk 3, blurry
vision 3, clumsy 2, deformed body, deterioration 2, dopey 2, frail 3, low mp 3,
screaming 1, inhibited regeneration, teleportitis 1, no potion heal 3, subdued
magic 2
}: 8/15 runes: decaying, slimy, silver, abyssal, demonic, glowing, fiery,
gossamer
a: Receive Corpses, Torment, Renounce Religion, Evoke Berserk Rage


You were on level 5 of the Realm of Zot.
You worshipped Kikubaaqudgha.
Kikubaaqudgha was exalted by your worship.
You were hungry.

You visited 13 branches of the dungeon, and saw 59 of its levels.
You visited Pandemonium 1 time, and saw 11 of its levels.
You visited the Abyss 4 times.
You visited 1 ziggurat, and saw 6 of its levels.
You also visited: Sewer, Bailey, Gauntlet, Ice Cave and Desolation.

You collected 10560 gold pieces.
You spent 7119 gold pieces at shops.

Inventory:

Hand Weapons
 a - a +9 broad axe of electrocution (weapon)
 w - the +11 longbow "ETAOIN SHRDLU" {freeze, MR+ Str+5 Int+4 Stlth+}
   (You found it on level 5 of the Vaults)

   It causes projectiles fired from it to freeze those they strike, causing
   extra injury to most foes and up to half again as much damage against
   particularly susceptible opponents.
   They can also slow down cold-blooded creatures.
   It affects your strength (+5).
   It affects your intelligence (+4).
   It affects your resistance to hostile enchantments.
   It makes you more stealthy.
 X - a +9 eveningstar of draining
Missiles
 n - 86 poisoned darts
 J - 30 silver javelins (quivered)
Armour
 c - the +8 orange crystal plate armour {Archmagi, Int+3 Clar}
   (You found it on level 5 of the Pits of Slime)

   It affects your intelligence (+3).
   It protects you against confusion.
 o - the +5 chain mail of True Grit (worn) {rF+ rN+ rCorr}
   (You found it on level 14 of the Dungeon)

   It protects you from fire.
   It protects you from negative energy.
   It provides partial protection from all sources of acid and corrosion.
 p - a scarf of resistance (worn)
 s - the +0 pair of boots of Dishonour (worn) {*Slow rPois SInv Stlth+}
   (You found it on level 1 of the Lair of Beasts)

   It protects you from poison.
   It lets you see invisible.
   It may slow you when you take damage.
   It makes you more stealthy.
 O - the +1 hat of Submission (worn) {Str+4 Stlth+}
   (You found it in a Gauntlet)

   It affects your strength (+4).
   It makes you more stealthy.
 P - the +3 pair of gauntlets of War (worn) {Slay+5}
   (You acquired it on level 3 of the Realm of Zot)

   It affects your accuracy and damage with ranged weapons and melee attacks
   (+5).
 R - a +7 large shield of reflection (worn)
Jewellery
 b - the ring of Godonleh (right hand) {rElec rPois rN+ Int+3}
   (You bought it in a shop on level 10 of the Dungeon)

   [ring of intelligence]

   It affects your intelligence (+3).
   It insulates you from electricity.
   It protects you from poison.
   It protects you from negative energy.
 f - the ring "Copey" {*Drain rPois rC+ rN+ MR++}
   (You bought it in a shop on level 10 of the Dungeon)

   [ring of positive energy]

   It protects you from cold.
   It protects you from poison.
   It protects you from negative energy.
   It affects your resistance to hostile enchantments.
   It causes draining when unequipped.
 j - the ring of Bunimm {rCorr Str+2}
   (You took it off Cerebov in Pandemonium)

   [ring of resist corrosion]

   It affects your strength (+2).
   It provides partial protection from all sources of acid and corrosion.
 m - the amulet "Rytisiuwn" {Gourm -Tele rC+++ rN++ Int+3}
   (You bought it in a shop on level 2 of the Elven Halls)

   [amulet of the gourmand]

   It allows you to eat raw meat even when not hungry.
   It affects your intelligence (+3).
   It renders you almost immune to cold.
   It greatly protects you from negative energy.
   It prevents most forms of teleportation.
 r - the macabre finger necklace {rN+}
   (You found it in the Desolation of Salt)

   [amulet of nothing]

   It protects you from negative energy.
 C - the ring of Vaihucw {rC+ Str+4 Int+4}
   (You found it in a bailey)

   [ring of protection from cold]

   It affects your strength (+4).
   It affects your intelligence (+4).
   It protects you from cold.
 H - the cursed necklace of Bloodlust (around neck) {*Rage +Rage MR++ Int-3 Slay+6 *Curse}
   (You found it on level 5 of the Pits of Slime)

   [amulet of rage]

   It affects your intelligence (-3).
   It affects your accuracy and damage with ranged weapons and melee attacks
   (+6).
   It affects your resistance to hostile enchantments.
   It lets you go berserk.
   It may make you go berserk in combat.
   It curses itself when equipped.
   It has a curse placed upon it.
 I - a +4 ring of slaying (left hand)
 L - the ring of the Ant {+Inv rPois MR+ Str+3 SInv}
   (You found it in a Gauntlet)

   [ring of strength]

   It affects your strength (+3).
   It protects you from poison.
   It affects your resistance to hostile enchantments.
   It lets you see invisible.
   It lets you turn invisible.
 M - the amulet "Taacs" {Acrobat Str+3 Int+3}
   (You took it off an efreet in Pandemonium)

   [amulet of the acrobat]

   It helps you evade while moving and waiting.
   It affects your strength (+3).
   It affects your intelligence (+3).
 N - the ring of Moge {+Fly rN+ SInv}
   (You found it on level 5 of the Pits of Slime)

   [ring of positive energy]

   It protects you from negative energy.
   It lets you see invisible.
   It lets you fly.
Wands
 t - a wand of digging (15)
 v - a wand of disintegration (9)
 z - a wand of clouds (3)
Scrolls
 e - 27 scrolls of teleportation
 q - 29 scrolls of remove curse
 y - 2 scrolls of blinking
 A - a scroll of enchant weapon
 B - a scroll of magic mapping
 E - 9 scrolls of identify
 K - 6 scrolls of fear
 Q - 12 scrolls of amnesia
 T - a scroll of holy word
 V - 2 scrolls of silence
Potions
 g - 6 potions of ambrosia
 h - 18 potions of curing
 i - a potion of haste
 k - 4 potions of flight
 x - 7 potions of brilliance
 F - 3 potions of heal wounds
 U - 5 potions of magic
 W - 2 potions of cancellation
Miscellaneous
 l - 3 phantom mirrors
 G - a phial of floods
 S - a lamp of fire
Comestibles
 d - 95 rations


   Skills:
 O Level 27 Fighting
 - Level 17.0(18.0) Axes
 - Level 6.8(13.1) Maces & Flails
   Level 8.0(13.6) Polearms
 O Level 27 Armour
 O Level 27 Dodging
 O Level 27 Shields
 * Level 12.7 Spellcasting
 * Level 9.5 Hexes
 - Level 6.9 Charms
 - Level 7.5 Necromancy
 - Level 2.1 Translocations
 * Level 12.0 Air Magic
 - Level 11.0 Evocations


You had 27 spell levels left.
You knew the following spells:

 Your Spells              Type           Power        Failure   Level  Hunger
a - Blink                 Tloc           N/A          10%         2    None
b - Song of Slaying       Chrm           ##......     1%          2    None
c - Regeneration          Chrm/Necr      ##........   1%          3    ##.....
d - Confusing Touch       Hex            ##....       1%          1    None
e - Spectral Weapon       Hex/Chrm       ##......     1%          3    ##.....
f - Silence               Hex/Air        ##........   4%          5    #####..
g - Aura of Abjuration    Summ           #.........   99%         5    #####..
h - Portal Projectile     Hex/Tloc       #.....       3%          3    ##.....

Your spell library contained the following spells:

 Spells                   Type           Power        Failure   Level  Hunger
 Animate Skeleton         Necr           N/A          1%          1    None
 Corona                   Hex            ##.....      1%          1    None
 Infusion                 Chrm           ##..         1%          1    None
 Pain                     Necr           ##..         1%          1    None
 Shock                    Conj/Air       #...         1%          1    None
 Corpse Rot               Necr           N/A          1%          2    None
 Poisonous Vapours        Pois/Air       #.....       1%          2    None
 Slow                     Hex            ##......     1%          2    None
 Sublimation of Blood     Necr           ##........   1%          2    None
 Swiftness                Chrm/Air       ##......     1%          2    None
 Confuse                  Hex            ##......     1%          3    ##.....
 Tukima's Dance           Hex            ##......     1%          3    ##.....
 Vampiric Draining        Necr           ##........   1%          3    ##.....
 Airstrike                Air            ###.......   1%          4    ####...
 Ensorcelled Hibernation  Hex/Ice        #.....       2%          2    None
 Shroud of Golubria       Chrm/Tloc      #.....       3%          2    None
 Static Discharge         Conj/Air       #.......     3%          3    ##.....
 Apportation              Tloc           #.....       5%          1    None
 Dazzling Spray           Conj/Hex       #.....       6%          3    ##.....
 Inner Flame              Hex/Fire       #.......     6%          3    ##.....
 Summon Guardian Golem    Hex/Summ       #.......     6%          3    ##.....
 Animate Dead             Necr           N/A          6%          4    ####...
 Mephitic Cloud           Conj/Pois/Air  #.......     9%          3    ##.....
 Ozocubu's Armour         Chrm/Ice       #.......     11%         3    ##.....
 Summon Lightning Spire   Summ/Air       #.......     13%         4    ####...
 Beastly Appendage        Tmut           #.....       16%         1    None
 Flame Tongue             Conj/Fire      #....        16%         1    None
 Freeze                   Ice            #...         16%         1    None
 Magic Dart               Conj           #...         16%         1    None
 Sandblast                Erth           #.....       16%         1    None
 Sting                    Conj/Pois      #...         16%         1    None
 Summon Butterflies       Summ           #.......     16%         1    None
 Summon Small Mammal      Summ           #...         16%         1    None
 Gell's Gravitas          Tloc           #.........   19%         3    ##.....
 Lesser Beckoning         Tloc           #.........   19%         3    ##.....
 Teleport Other           Tloc           #.......     19%         3    ##.....
 Agony                    Necr           ##......     19%         5    #####..
 Dispel Undead            Necr           ##......     19%         5    #####..
 Fulminant Prism          Conj/Hex       #.........   22%         4    ####...
 Leda's Liquefaction      Hex/Erth       #.........   22%         4    ####...
 Excruciating Wounds      Chrm/Necr      ##........   22%         5    #####..
 Call Imp                 Summ           #.......     24%         2    None
 Passwall                 Tmut/Erth      #.......     24%         2    None
 Searing Ray              Conj           #.....       24%         2    None
 Throw Flame              Conj/Fire      #.....       24%         2    None
 Throw Frost              Conj/Ice       #.....       24%         2    None
 Recall                   Summ/Tloc      N/A          30%         3    ##.....
 Lightning Bolt           Conj/Air       #.........   36%         5    #####..
 Call Canine Familiar     Summ           #.......     45%         3    ##.....
 Conjure Flame            Conj/Fire      #.......     45%         3    ##.....
 Ignite Poison            Fire/Tmut/Pois #.......     45%         3    ##.....
 Spider Form              Tmut/Pois      #.........   45%         3    ##.....
 Stone Arrow              Conj/Erth      #.....       45%         3    ##.....
 Darkness                 Hex            ##........   45%         6    #######
 Invisibility             Hex            ##......     45%         6    #######
 Passage of Golubria      Tloc           N/A          56%         4    ####...
 Metabolic Englaciation   Hex/Ice        #.........   56%         5    #####..
 Summon Mana Viper        Hex/Summ       #.......     56%         5    #####..
 Yara's Violent Unravell  Hex/Tmut       #.........   56%         5    #####..
 Bolt of Draining         Conj/Necr      #.........   71%         5    #####..
 Borgnjor's Vile Clutch   Necr/Erth      #.........   71%         5    #####..
 Force Lance              Conj/Tloc      #.......     73%         4    ####...
 Death Channel            Necr           ##........   77%         6    #######
 Iskenderun's Mystic Bla  Conj           #.......     87%         4    ####...
 Olgreb's Toxic Radiance  Pois           #.......     87%         4    ####...
 Petrify                  Tmut/Erth      #.......     87%         4    ####...
 Sticky Flame             Conj/Fire      #.......     87%         4    ####...
 Summon Ice Beast         Ice/Summ       #.......     87%         4    ####...
 Throw Icicle             Conj/Ice       #.......     87%         4    ####...
 Summon Forest            Summ/Tloc      #.........   97%         5    #####..
 Alistair's Intoxication  Tmut/Pois      #.......     99%         5    #####..
 Bolt of Magma            Conj/Fire/Erth #.........   99%         5    #####..
 Fireball                 Conj/Fire      #.........   99%         5    #####..
 Irradiate                Conj/Tmut      #.........   99%         5    #####..
 Lee's Rapid Deconstruct  Erth           #.........   99%         5    #####..
 Summon Demon             Summ           #.........   99%         5    #####..
 Venom Bolt               Conj/Pois      #.........   99%         5    #####..
 Freezing Cloud           Conj/Ice/Air   #.........   99%         6    #######
 Bolt of Fire             Conj/Fire      #.........   100%        6    #######
 Hydra Form               Tmut           #.........   100%        6    #######
 Poison Arrow             Conj/Pois      #.........   100%        6    #######
 Shadow Creatures         Summ           N/A          100%        6    #######
 Statue Form              Tmut/Erth      #........    100%        6    #######
 Dragon Form              Tmut           #.........   100%        7    #######
 Haunt                    Necr/Summ      #.........   100%        7    #######
 Ring of Flames           Chrm/Fire      #.........   100%        7    #######
 Summon Hydra             Summ           #.........   100%        7    #######
 Borgnjor's Revivificati  Necr           ##........   100%        8    #######
 Chain Lightning          Conj/Air       #.........   100%        8    #######
 Death's Door             Chrm/Necr      ##........   100%        8    #######
 Ignition                 Fire           #.........   100%        8    #######
 Infestation              Necr           ##........   100%        8    #######
 Lehudib's Crystal Spear  Conj/Erth      #.........   100%        8    #######
 Necromutation            Tmut/Necr      #.........   100%        8    #######
 Dragon's Call            Summ           #.........   100%        9    #######
 Fire Storm               Conj/Fire      #.........   100%        9    #######
 Glaciate                 Conj/Ice       #.........   100%        9    #######


Dungeon Overview and Level Annotations

Branches:
Dungeon (15/15)            Temple (1/1) D:5            Lair (6/6) D:11
  Swamp (4/4) Lair:3       Spider (4/4) Lair:4        Slime (5/5) Lair:5
    Orc (2/2) D:12            Elf (3/3) Orc:2        Vaults (5/5) D:13
  Crypt (3/3) Vaults:2       Tomb (0/3) Crypt:3      Depths (5/5) D:15
   Hell (visited)             Zot (5/5) Depths:5      Sewer (visited)
 Bailey (visited)           IceCv (visited)         Desolation (visited)
Gauntlet (visited)
    Dis: Hell:1         Geh: Hell:1         Coc: Hell:1         Tar: Hell:1

Altars:
Ashenzari
Cheibriados
Dithmenos
Elyvilon
Fedhas
Gozag
Hepliaklqana
Kikubaaqudgha
Makhleb
Nemelex Xobeh
Okawaru
Qazlal
Ru
Sif Muna
Trog
Uskayaw
Vehumet
Wu Jian
Xom
Yredelemnul
Zin
The Shining One
Beogh
Jiyva

Shops:
D:5 [   D:8 (   D:10 =   D:14 (   Orc:1 *   Orc:2 [*:(   Elf:1 (   Elf:2 =}*=
Vaults:5 !%   Zot:3 *   Depths:2 !

Portals:
Hell: Depths:1 Depths:2 Depths:3 Depths:4 Depths:5
Abyss: Depths:1 Depths:4
Pandemonium: Depths:3 Depths:5

Annotations:
D:10 Shield to 25: Spider, Swamp, Vaults, Crypt, Elf, Depths, Easy Clear.
Elf:1 Slime, Abyss, Zot - Fun Clear unless rMut.
Elf:2 3 runed translucent doors
Elf:3 -Tele always for Zot:5. Teletraps are dready.
Vaults:2 Prepare for endgame. Depths. Vaults, Abyss, Slime, consider extended if rMut
Vaults:4 Initiate Operation Drop Pod
Vaults:5 THANKS FOR YELLING
Depths:1 1 runed translucent door
Depths:3 Check how to suppress Mut, otherwise careful clear.
Depths:4 The Quest for Potions of Mutation
Depths:5 Get weird spells online. Elf, Vault, Abyss, Slime, Clear, MiAr to 3-streak?
Hell Geryon, Murray
Zot:3 Praise
Zot:4 Either -Tele
Zot:5 or go for long. Check leading 15-rune MiSk.


Innate Abilities, Weirdness & Mutations

You reflexively headbutt those who attack you in melee.
You have a pair of horns on your head.
You have large cloven feet.
You are partially covered in yellow scales. (AC +2)
You have an uncontrollable temper.
Scrolls take you much longer to read.
You are very clumsy. (Dex -4)
Armour fits poorly on your strangely shaped body.
Your body often deteriorates upon taking damage.
You are very dopey. (Int -4)
You are extremely frail. (-30% HP)
Your magical capacity is extremely low. (-30% MP)
You occasionally shout uncontrollably at your foes.
You do not regenerate when monsters are visible.
You are occasionally teleported next to monsters.
Potions cannot restore your health.
Your spells are easier to cast, but less powerful.


Message History

* * * LOW HITPOINT WARNING * * *
The tentacled monstrosity grabs you.
* * * LOW HITPOINT WARNING * * *
The tentacled monstrosity constricts you.
Unknown command.
Unknown command.
You slice the tentacled monstrosity!!
The tentacled monstrosity is severely wounded.
You hit the Killer Klown but do no damage.
You open the golden dragon like a pillowcase!!!
The Killer Klown disappears!
Unknown command.
Unknown command.
Unknown command.
You slash the golden dragon!
The golden dragon is almost dead.
You slice the Killer Klown!! You slash the tentacled monstrosity!
The Killer Klown trip-wires you with a +10 club!
You die...
Kikubaaqudgha rasps: "You have failed me!
Welcome... death!"

***,,,,,,,,,,,,,,,,,,,**
****,,,,,,,,,.....,**
#▓▓▓▓▓▓▓▓▓▓▓##(..8.**
###§.).........X.....,**
##.y.X##..............,,**
###d.p###...............,,,**
.X...###........§.......,,,,*
....## #.........X......,,,,*
....# #......)(@D......,,,,*
...## #.......†.p.^....,,,,*
...# #.............^..,,,,*
...## *.............^..,,,,*
....# *#...............,,,**
....## ##...)..........,,**
.....# ##....(........,**
######▓▓▓▓##############***
#........#..,,,,*,,,,,,,,,*


You could see a Killer Klown, an electric golem, a tentacled monstrosity, a
golden dragon and an Orb Guardian.

Vanquished Creatures
  Cerebov (Pan)
  the Royal Jelly (Slime:5)
  Mnoleg (Pan)
  9 ancient liches
  6 orbs of fire
  3 juggernauts
  Boris (thrice) (Crypt:1 Depths:1 Depths:3)
  Saint Roka (Depths:4)
  Xtahua (Depths:3)
  6 Killer Klowns
  A curse toe (Zot:4)
  A caustic shrike (Depths:4)
  10 golden dragons
  6 bone dragons
  Jory (Vaults:4)
  A Tzitzimitl (Pan)
  Arachne (Spider:4)
  A pandemonium lord (Pan)
  A shard shrike zombie (Crypt:3)
  7 electric golems
  2 Brimstone Fiends (Pan)
  2 Hell Sentinels (Pan)
  Jorgrun (Spider:2)
  31 tentacled monstrosities
  Rupert (Lair:3)
  5 liches
  16 Orb Guardians (Zot:5)
  6 deep elf blademasters
  11 quicksilver dragons
  6 titans (Vaults:5)
  20 acid blobs
  An eldritch tentacle (Pan)
  3 deep elf master archers (Elf:3)
  Gastronok (D:8)
  2 Executioners (Pan)
  7 ancient champions
  5 sphinxes
  14 storm dragons
  7 death cobs
  11 shadow dragons
  16 tentacled starspawn
  14 fire giants
  2 thorn hunters
  6 tengu reavers
  16 azure jellies
  4 draconian monks (Zot:3)
  A daeva (Abyss:1)
  Donald (Spider:1)
  8 draconian knights
  53 large abominations
  6 revenants
  22 cacodemons
  15 balrugs
  9 ghost moths
  13 frost giants
  3 orc warlords
  Louise (Swamp:2)
  15 vault wardens
  4 imperial myrmidons (Desolation)
  4 warmongers (Pan)
  2 iron dragons (Depths:4)
  8 deep elf sorcerers
  8 draconian scorchers
  Aizul (Vaults:4)
  5 deep elf elementalists
  An emperor scorpion (Spider:4)
  22 ironheart preservers
  3 curse skulls
  A juggernaut zombie (Depths:3)
  3 draconian shifters
  2 ghouls
  6 draconian annihilators
  15 very ugly things
  4 reapers
  2 war gargoyles (Vaults:5)
  7 entropy weavers
  6 blood saints (Pan)
  2 draconian stormcallers
  11 vampire knights
  9 green draconians
  4 corrupters (Pan)
  5 black draconians
  13 yellow draconians
  A minotaur (Gauntlet)
  19 stone giants
  5 black suns (Pan)
  10 purple draconians
  12 deep elf demonologists
  14 spark wasps
  11 red draconians
  16 deep elf annihilators
  11 white draconians
  5 lorocyprocas
  2 halazid warlocks (Desolation)
  6 eidola
  The ghost of Cuech the Cleaver, a journeyman MiBe of Trog (D:12)
  2 crystal guardians
  A merfolk javelineer (Depths:3)
  15 deep elf death magi
  4 green deaths (Pan)
  4 jiangshi
  17 ettins
  A merfolk impaler (Depths:3)
  29 small abominations
  A mummy priest (Crypt:3)
  14 blizzard demons
  Josephine (D:11)
  7 ragged hierophants (Desolation)
  3 death oozes
  31 vault guards
  The ghost of Gauc the Cleaver, a journeyman HOFi of Beogh (D:12)
  16 ice dragons
  17 yaktaur captains
  The ghost of Plog the Tainter, a journeyman DgVM (D:12)
  12 deep elf high priests
  14 great orbs of eyes
  13 fire dragons
  5 servants of whispers (Desolation)
  5 peacekeepers (Desolation)
  2 spriggan air magi
  A catoblepas (D:15)
  9 rakshasas
  4 juggernaut simulacra
  14 hydras
  Erica (D:11)
  2 hell beasts (Pan)
  2 satyrs (Abyss:4)
  13 ogre magi
  2 hell hogs (Pan)
  8 centaur warriors
  17 deep troll earth magi
  8 death knights
  27 two-headed ogres
  14 dancing weapons
  4 shambling mangroves
  A queen ant (Spider:1)
  16 alligators
  6 death yaks (Lair:6)
  14 deep troll shamans
  3 tengu warriors
  6 orc high priests
  10 vampire magi
  4 titan zombies
  A naga sharpshooter (Zig:3)
  3 spriggan berserkers
  22 deep elf knights
  4 soul eaters
  A storm dragon zombie (Depths:3)
  10 wretched stars
  24 sun demons
  7 thrashing horrors
  3 fire crabs
  A titan skeleton (Depths:2)
  4 iron trolls
  25 sixfirhies
  10 hell knights
  A salamander mystic (Depths:4)
  3 shadow wraiths
  4 spatial maelstroms
  37 deep trolls
  2 golden dragon zombies
  33 skeletal warriors
  5 wizards
  A spriggan druid (Swamp:4)
  8 glowing orange brains
  2 death drakes
  A shadow demon (Abyss:1)
  An unseen horror (shapeshifter) (Abyss:1)
  A storm dragon skeleton (Depths:2)
  2 unseen horrors
  5 torturous demonspawn (Pan)
  7 flayed ghosts
  2 gelid demonspawn (Pan)
  15 swamp dragons
  A spark wasp zombie (Depths:2)
  19 deep elf archers
  16 ironbrand convokers
  2 spectral wolf spiders (Gauntlet)
  A tengu zombie (Depths:3)
  An orange crystal statue (Zot:5)
  19 necromancers
  A lindwurm (Swamp:4)
  3 infernal demonspawn (Pan)
  An anaconda skeleton (Crypt:1)
  9 phantasmal warriors
  24 orc knights
  A wolf spider zombie (Gauntlet)
  8 orc sorcerers
  67 deep elf magi
  41 ugly things
  18 orb spiders
  A shining eye (shapeshifter) (Vaults:5)
  35 wolf spiders
  9 shining eyes
  A wolf spider (shapeshifter) (Depths:4)
  A tengu skeleton (Vaults:2)
  3 salamanders (Depths:4)
  2 frost giant zombies (Depths:2)
  14 worldbinders
  3 manticores
  A shadow dragon skeleton (Depths:3)
  An elephant (shapeshifter) (Vaults:5)
  4 cyclopes
  A fire giant zombie (Abyss:2)
  24 moths of wrath
  9 black mambas
  A water nymph (shapeshifter) (Vaults:3)
  3 rust devils
  Psyche (D:8)
  2 apocalypse crabs
  13 vault sentinels
  A molten gargoyle (Desolation)
  7 ice statues
  5 stone giant skeletons
  25 spiny frogs
  2 water nymphs (Abyss:4)
  A gargoyle (D:12)
  2 torpor snails
  6 human skeletons (Vaults:2)
  2 fire giant skeletons
  3 guardian serpents (Desolation)
  A dire elephant skeleton (Crypt:1)
  A yellow draconian zombie (Crypt:3)
  A hellion (Pan)
  15 smoke demons
  14 elephants
  29 orange demons
  3 eyes of devastation (Slime:5)
  A yaktaur (shapeshifter) (Vaults:5)
  A catoblepas zombie (Abyss:4)
  2 tormentors
  A spiny frog (shapeshifter) (Vaults:1)
  2 rime drakes
  9 efreet
  A komodo dragon (shapeshifter) (Depths:5)
  A pale draconian skeleton (Crypt:2)
  2 kobold demonologists (Abyss:1)
  17 demonic crawlers
  13 hellwings
  5 komodo dragons
  An emperor scorpion zombie (Crypt:3)
  8 ancient zymes
  48 yaktaurs
  5 guardian mummies (Crypt:3)
  10 freezing wraiths
  12 ice devils
  A catoblepas skeleton (Crypt:3)
  8 red devils (Pan)
  2 yaktaur skeletons
  12 trolls
  43 jumping spiders
  A purple draconian skeleton (Crypt:3)
  3 tengu conjurers
  12 tyrant leeches
  3 polar bears (Lair:4)
  A wolf spider simulacrum (Abyss:4)
  A jumping spider (shapeshifter) (Vaults:3)
  A meliai (shapeshifter) (Vaults:2)
  24 hornets
  19 blink frogs
  A shadow dragon simulacrum (Crypt:3)
  3 harpy skeletons
  An ettin zombie (Depths:3)
  A wind drake (shapeshifter) (Vaults:5)
  7 dream sheep (Lair:6)
  12 raiju
  10 hippogriffs
  An iron dragon simulacrum (Crypt:3)
  57 saltlings (Desolation)
  A hydra skeleton (Crypt:2)
  9 bog bodies
  69 slime creatures
  A hippogriff (shapeshifter) (Abyss:4)
  A slime creature (shapeshifter) (Vaults:5)
  2 air elementals
  An ice dragon skeleton (Crypt:1)
  A satyr skeleton (Crypt:2)
  3 spriggans
  A wyvern (D:14)
  An elf skeleton (Depths:3)
  9 flying skulls
  A guardian serpent skeleton (Crypt:3)
  36 tarantellas
  A spriggan skeleton (Depths:2)
  A vampire (Abyss:1)
  An ettin skeleton (Crypt:3)
  3 shadows
  23 wraiths
  59 redbacks
  A spriggan (shapeshifter) (Vaults:4)
  12 water elementals
  5 fire dragon skeletons
  35 yaks
  13 ynoxinuls
  2 fire elementals
  A tarantella (shapeshifter) (Vaults:5)
  An ushabti (Zig:2)
  5 fire bats
  A basilisk (D:12)
  A tyrant leech zombie (Crypt:2)
  29 neqoxecs
  4 steam dragons (Swamp:4)
  3 hungry ghosts
  9 golden eyes
  Grum (D:9)
  9 chaos spawn
  A gelid demonspawn zombie (Crypt:1)
  Menkaure (D:4)
  The ghost of kulik242 the Stinger, an amateur DsVM of Dithmenos (D:5)
  8 wargs
  29 soldier ants
  17 swamp worms
  17 spatial vortices
  19 vampire mosquitoes
  18 insubstantial wisps
  3 acid dragons
  An infernal demonspawn zombie (Crypt:2)
  A naga (Zig:3)
  3 floating eyes
  4 porcupines
  8 hell hounds
  14 water moccasins
  Purgy (Sewer)
  A spiny frog skeleton (Crypt:1)
  A merfolk skeleton (Crypt:1)
  60 orc warriors
  16 swamp drakes
  5 eyes of draining
  A black bear (D:8)
  9 starcursed masses
  2 phantoms
  3 sky beasts
  3 ice beasts
  A snapping turtle zombie (Abyss:1)
  12 boggarts
  9 wolves
  3 necrophages
  2 elephant skeletons
  44 ogres
  A snapping turtle skeleton (Crypt:2)
  A blink frog skeleton (Crypt:1)
  22 centaurs
  7 crocodiles
  5 big kobolds
  A rime drake skeleton (Crypt:1)
  25 bullfrogs
  2 wyvern zombies
  3 earth elementals
  A wyvern skeleton (D:13)
  A water moccasin skeleton (D:12)
  3 scorpions
  A swamp dragon simulacrum (Abyss:2)
  14 wights
  2 howler monkeys
  8 electric eels
  4 crimson imps
  5 centaur zombies
  10 quasits
  4 jellies
  28 orc wizards
  22 orc priests
  Crazy Yiuf (D:2)
  8 hounds
  5 iron imps
  A bullfrog skeleton (D:11)
  A basilisk skeleton (Crypt:3)
  7 centaur skeletons
  Terence (D:2)
  4 iguanas
  Natasha (D:3)
  32 worker ants
  3 hell rats (Hell)
  A troll simulacrum (Crypt:3)
  2 hound skeletons
  2 howler monkey zombies
  3 mummies (Zig:2)
  3 worker ant zombies
  9 adders
  5 gnolls
  7 shadow imps
  9 white imps
  13 ufetubi
  2 oozes
  A worm zombie (Crypt:2)
  A lava snake skeleton (Crypt:2)
  4 worms
  2 dart slugs
  A leopard gecko (D:5)
  87 orcs
  4 ball pythons
  13 bats
  6 giant cockroaches
  10 goblins
  5 hobgoblins
  16 jackals
  3 quokkas
  4 frilled lizards
  A hobgoblin skeleton (Crypt:3)
  A jackal zombie (D:5)
  32 kobolds
  2 quokka zombies
  8 rats
  5 briar patches (Swamp:1)
  2 crawling corpses (Vaults:5)
  3 fire vortices (Pan)
  3 fungi
  A plant (Lair:5)
  25 starspawn tentacles
3373 creatures vanquished.

Vanquished Creatures (collateral kills)
  An Orb Guardian (Zot:5)
  An acid blob (Slime:5)
  Urug (Lair:5)
  A shining eye (Pan)
4 creatures vanquished.

Vanquished Creatures (others)
  Asterion (Spider:1)
  A titan (Vaults:5)
  A deep elf master archer (Elf:3)
  2 eldritch tentacles (Pan)
  A fire giant (Depths:5)
  A deep elf sorcerer (Vaults:4)
  A reaper (IceCv)
  A stone giant (Depths:1)
  A fire dragon (Swamp:4)
  2 yaktaur captains
  2 centaur warriors
  A hell hog (Pan)
  A deep elf knight (Elf:1)
  An iron troll (Depths:1)
  A torturous demonspawn (Pan)
  A lindwurm (Swamp:4)
  A wolf spider (Spider:2)
  4 deep elf magi
  An ugly thing (Depths:2)
  18 yaktaurs
  2 saltlings (Desolation)
  A ynoxinul (Pan)
  A tarantella (Spider:2)
  A steam dragon (Swamp:4)
  A swamp drake (Swamp:4)
  An orc warrior (Orc:2)
  An ogre (Depths:1)
  3 boggarts (Depths:3)
  6 centaurs
  A wight (Crypt:2)
  A white imp (IceCv)
  4 ufetubi (IceCv)
  An orc (Vaults:4)
  A quokka (D:12)
  2 kobolds (Bailey)
  4 bushes (D:12)
  11 fungi
  2 lurking horrors
  55 plants
  7 spectral weapons
  16 starspawn tentacles
165 creatures vanquished.

Grand Total: 3542 creatures vanquished

Notes
Turn   | Place    | Note
-------+----------+-------------------------------------------
     0 | D:1      | Amplified the Minotaur Skald began the quest for the Orb.
     0 | D:1      | Reached XP level 1. HP: 18/18 MP: 1/1
   206 | D:1      | You fall into a shaft and drop 1 floor!
   265 | D:1      | Reached XP level 2. HP: 24/25 MP: 0/3
   658 | D:2      | Noticed Terence
   723 | D:2      | Learned a level 2 spell: Song of Slaying
   775 | D:2      | Reached XP level 3. HP: 31/31 MP: 4/4
  1000 | D:2      | Killed Terence
  1000 | D:2      | Reached XP level 4. HP: 40/40 MP: 5/5
  1348 | D:2      | Found a runed translucent door.
  1349 | D:2      | Noticed Crazy Yiuf
  2044 | D:3      | Reached XP level 5. HP: 43/46 MP: 6/6
  2098 | D:3      | Noticed an ogre
  2106 | D:3      | Killed an ogre
  2369 | D:3      | Noticed Natasha
  2375 | D:3      | Killed Natasha
  2375 | D:3      | Reached XP level 6. HP: 35/55 MP: 7/7
  2697 | D:4      | Reached skill level 5 in Polearms
  2705 | D:4      | Noticed Menkaure
  2714 | D:4      | Killed Menkaure
  2714 | D:4      | Reached skill level 5 in Fighting
  3176 | D:5      | Entered Level 5 of the Dungeon
  3193 | D:5      | Found a runed translucent door.
  3193 | D:5      | Noticed kulik242's ghost (amateur DsVM)
  3210 | D:5      | Reached XP level 7. HP: 54/61 MP: 8/8
  3233 | D:5      | Found Cenkeits's Armour Boutique.
  3705 | D:5      | Found a staircase to the Ecumenical Temple.
  3772 | Temple   | Entered the Ecumenical Temple
  3879 | Temple   | Became a worshipper of Kikubaaqudgha
  4280 | D:6      | Reached XP level 8. HP: 36/71 MP: 9/9
  4495 | D:6      | Found a glowing drain.
  4511 | Sewer    | Entered a sewer
  4526 | Sewer    | Reached skill level 1 in Shields
  4599 | Sewer    | Noticed Purgy
  4605 | Sewer    | Killed Purgy
  4708 | D:6      | Reached * piety under Kikubaaqudgha
  4708 | D:6      | Identified Kikubaaqudgha's Tome of Black Rites
                  | (Kikubaaqudgha gifted it to you on level 6 of the Dungeon)
  4708 | D:6      | Received a gift from Kikubaaqudgha
  4714 | D:6      | Learned a level 3 spell: Regeneration
  4811 | D:5      | You fall into a shaft and drop 1 floor!
  4964 | D:6      | Got an iridescent war axe
  4965 | D:6      | Identified the +5 war axe of the Three Shrikes {chop, rPois
                  | rN+ Dex+2} (You found it on level 6 of the Dungeon)
  5069 | D:6      | Reached skill level 5 in Shields
  5085 | D:7      | Reached skill level 1 in Axes
  5196 | D:7      | Reached XP level 9. HP: 78/82 MP: 10/10
  5651 | D:7      | Reached ** piety under Kikubaaqudgha
  5942 | D:8      | Found a blossoming altar of Fedhas.
  6053 | D:8      | Noticed Psyche
  6058 | D:8      | Killed Psyche
  6058 | D:8      | Reached skill level 5 in Axes
  6161 | D:8      | Reached skill level 10 in Fighting
  6183 | D:8      | Reached skill level 10 in Shields
  6376 | D:8      | Reached XP level 10. HP: 89/93 MP: 11/11
  6457 | D:8      | Noticed Gastronok
  6812 | D:8      | Found Rafiek's Antique Weapon Emporium.
  6864 | D:8      | Killed Gastronok
  7364 | D:9      | Reached *** piety under Kikubaaqudgha
  7364 | D:9      | Identified Kikubaaqudgha's Disquisition on Evil
                  | (Kikubaaqudgha gifted it to you on level 9 of the Dungeon)
  7364 | D:9      | Received a gift from Kikubaaqudgha
  7518 | D:9      | Found a stormy altar of Qazlal.
  7527 | D:9      | Found a glowing golden altar of the Shining One.
  7551 | D:9      | You fall into a shaft and drop 1 floor!
  7551 | D:10     | Entered Level 10 of the Dungeon
  7557 | D:10     | Found Qigepy's Jewellery Emporium.
  7785 | D:10     | Learned a level 1 spell: Confusing Touch
  8084 | D:11     | Noticed a cyclops
  8323 | D:9      | Noticed Grum
  8340 | D:9      | Killed Grum
  9164 | D:11     | Reached XP level 11. HP: 96/104 MP: 12/12
  9201 | D:11     | Noticed Erica
  9206 | D:11     | Killed Erica
  9383 | D:11     | Noticed Josephine
  9626 | D:12     | Reached **** piety under Kikubaaqudgha
  9681 | D:12     | Found a runed translucent gate.
  9681 | D:12     | Found a runed translucent gate.
  9682 | D:12     | Found a runed translucent gate.
  9683 | D:12     | Noticed Plog's ghost (journeyman DgVM)
  9684 | D:12     | Noticed Gauc's ghost (journeyman HOFi)
  9684 | D:12     | Noticed Cuech's ghost (journeyman MiBe)
  9703 | D:12     | Found a flagged portal.
  9724 | Bailey   | Entered a bailey
  9870 | Bailey   | Found a burning altar of Makhleb.
  9883 | Bailey   | Got a coiled copper ring
  9893 | Bailey   | Identified the ring of Vaihucw {rC+ Str+4 Int+4} (You found
                  | it in a bailey)
  9933 | D:11     | Killed Josephine
  9946 | D:11     | Reached skill level 10 in Axes
 10113 | D:10     | Bought the ring "Copey" {*Drain rPois rC+ rN+ MR++} for 615
                  | gold pieces
 10388 | D:11     | Found a staircase to the Lair.
 10389 | D:11     | Noticed an orc knight
 10398 | D:11     | Killed an orc knight
 10483 | D:11     | Noticed a cyan ugly thing
 10502 | D:11     | Killed a cyan ugly thing
 10764 | D:12     | Found a staircase to the Orcish Mines.
 10783 | D:12     | Noticed a cyan ugly thing
 10790 | D:12     | Killed a cyan ugly thing
 10915 | D:12     | Found a snail-covered altar of Cheibriados.
 11228 | Lair:1   | Entered Level 1 of the Lair of Beasts
 11240 | Lair:1   | Reached skill level 15 in Shields
 11251 | Lair:1   | Reached ***** piety under Kikubaaqudgha
 11261 | Lair:1   | Reached XP level 12. HP: 56/115 MP: 13/13
 11562 | Lair:1   | Got a pair of brightly glowing boots
 11568 | Lair:1   | Identified the +0 pair of boots of Dishonour {*Slow rPois
                  | SInv Stlth+} (You found it on level 1 of the Lair of
                  | Beasts)
 12423 | Lair:1   | Noticed an eight-headed hydra
 12448 | Lair:1   | Killed an eight-headed hydra
 12656 | Lair:2   | Noticed an eight-headed hydra
 12665 | Lair:2   | Killed an eight-headed hydra
 12695 | Lair:2   | Found a frozen archway.
 12708 | IceCv    | Entered an ice cave
 13191 | IceCv    | Noticed a reaper
 13211 | IceCv    | Killed a reaper
 14048 | Lair:2   | Noticed a four-headed hydra
 14061 | Lair:2   | Killed a four-headed hydra
 14220 | Lair:2   | Reached XP level 13. HP: 122/125 MP: 14/14
 14827 | Lair:3   | Noticed Rupert
 14840 | Lair:3   | Killed Rupert
 14840 | Lair:3   | Reached skill level 15 in Fighting
 15345 | Lair:3   | Found a staircase to the Swamp.
 15608 | Lair:4   | Got a distressingly furry robe
 15619 | Lair:4   | Identified the +0 robe "Vyrphou" {SInv} (You found it on
                  | level 4 of the Lair of Beasts)
 15813 | Lair:4   | Found a hole to the Spider Nest.
 16212 | Lair:5   | Found a staircase to the Slime Pits.
 16492 | Lair:5   | Noticed Urug
 16499 | Lair:5   | Killed Urug
 16579 | Lair:5   | Upgraded the game from 0.24.0-10-g970556be89 to
                  | 0.24.0-13-gcf9b3192b9
 17101 | Lair:6   | Entered Level 6 of the Lair of Beasts
 17168 | Lair:6   | Reached ****** piety under Kikubaaqudgha
 17232 | Lair:6   | Found a gate leading to a gauntlet.
 17280 | Gauntlet | Entered a Gauntlet
 17280 | Gauntlet | Found a transporter.
 17566 | Gauntlet | Found a transporter.
 17568 | Gauntlet | Found a transporter.
 17577 | Gauntlet | Found a transporter.
 17579 | Gauntlet | Found a transporter.
 17588 | Gauntlet | Found a transporter.
 17588 | Gauntlet | Noticed an entropy weaver
 17603 | Gauntlet | Found a runed translucent gate.
 17604 | Gauntlet | Found a transporter.
 17604 | Gauntlet | Found a runed translucent gate.
 17605 | Gauntlet | Found a runed translucent gate.
 17616 | Gauntlet | Found a transporter.
 17626 | Gauntlet | Found a transporter.
 17640 | Gauntlet | Found a transporter.
 17651 | Gauntlet | Found a transporter.
 17651 | Gauntlet | Found a transporter.
 17707 | Gauntlet | Found a transporter.
 17707 | Gauntlet | Found a transporter.
 17859 | Gauntlet | Got a smoking lapis lazuli ring
 17908 | Gauntlet | Reached XP level 14. HP: 133/133 MP: 15/15
 17980 | Gauntlet | Got a pitted hat
 17996 | Gauntlet | Identified the +1 hat of Submission {Str+4 Stlth+} (You
                  | found it in a Gauntlet)
 18056 | Gauntlet | Identified the +4 flail of the Lumpy Emperors {antimagic,
                  | Int+4}
 18056 | Gauntlet | Identified the +6 hunting sling "Hositur" {velocity, rElec
                  | MR- Dex+7}
 18056 | Gauntlet | Identified the +5 ring mail "Elerph" {*Corrode Str+2 SInv}
 18444 | Lair:6   | Reached skill level 15 in Axes
 18557 | Lair:6   | Identified the ring of the Ant {+Inv rPois MR+ Str+3 SInv}
                  | (You found it in a Gauntlet)
 18565 | Lair:6   | Got a jewelled rapier
 18566 | Lair:6   | Identified the +5 rapier of Responsibility {protect, rN+++
                  | MR- Dex+3} (You found it on level 6 of the Lair of Beasts)
 18592 | Lair:6   | Identified a +4 demon whip of pain (a +2 demon whip of
                  | freezing bloodied by Kikubaaqudgha)
 18592 | Lair:6   | Received a gift from Kikubaaqudgha
 18923 | Lair:6   | Reached skill level 1 in Maces & Flails
 20229 | Orc:1    | Entered Level 1 of the Orcish Mines
 20229 | Orc:1    | Found Dnode's Desiderata Depot.
 20301 | Orc:1    | Noticed an orc warlord
 20348 | Orc:1    | Killed an orc warlord
 20348 | Orc:1    | Reached skill level 5 in Maces & Flails
 20795 | Orc:2    | Entered Level 2 of the Orcish Mines
 20949 | Orc:2    | Noticed an orc warlord
 20983 | Orc:2    | Killed an orc warlord
 21130 | Orc:2    | Found a roughly hewn altar of Beogh.
 21161 | Orc:2    | Found Cicaukh's Book Shop.
 21201 | Orc:2    | Found a staircase to the Elven Halls.
 21249 | Orc:2    | Reached XP level 15. HP: 128/147 MP: 16/16
 21419 | Orc:2    | Found Lunuj Eca's General Store.
 21451 | Orc:2    | Found Siech's Antique Armour Shop.
 21465 | Orc:2    | Found Dileupod's Antique Weapon Shop.
 21672 | Orc:2    | Bought a manual of Shields for 1766 gold pieces
 22668 | D:13     | Found a gate to the Vaults.
 23017 | D:14     | You fall into a shaft and drop 1 floor!
 23017 | D:15     | Entered Level 15 of the Dungeon
 23017 | D:15     | Found a staircase to the Depths.
 23017 | D:15     | Noticed a fire giant
 23047 | D:15     | Killed a fire giant
 24058 | D:14     | Found a hazy altar of Hepliaklqana.
 24108 | D:14     | Got an ancient chain mail
 24112 | D:14     | Found Huorgh's Antique Weapon Shoppe.
 24433 | D:13     | Identified the +5 chain mail of True Grit {rF+ rN+ rCorr}
                  | (You found it on level 14 of the Dungeon)
 24527 | D:12     | Noticed a storm dragon
 24527 | D:12     | Noticed a frost giant
 24527 | D:12     | Noticed a tengu reaver
 24545 | D:12     | You fall into a shaft and drop 3 floors!
 24756 | D:12     | Killed a tengu reaver
 25246 | Elf:1    | Entered Level 1 of the Elven Halls
 25415 | Elf:1    | Reached XP level 16. HP: 142/159 MP: 17/17
 25694 | Elf:1    | Found Lorunumn's Weapon Shop.
 25938 | Elf:1    | Found a runed translucent gate.
 25938 | Elf:1    | Found a runed translucent gate.
 25938 | Elf:1    | Found a runed translucent gate.
 25938 | Elf:1    | Found a runed translucent gate.
 25938 | Elf:1    | Found a runed translucent gate.
 25943 | Elf:1    | Noticed a shadow dragon
 25943 | Elf:1    | Noticed a storm dragon
 25944 | Elf:1    | Found a runed translucent gate.
 26559 | Elf:3    | Entered Level 3 of the Elven Halls
 27097 | Elf:3    | Noticed a deep elf blademaster
 27149 | Elf:2    | Killed a deep elf blademaster
 27252 | Elf:2    | Found a runed translucent gate.
 27252 | Elf:2    | Found a runed translucent gate.
 27252 | Elf:2    | Found a runed translucent gate.
 27322 | Elf:2    | Found Qinuab's Mass Market.
 27948 | Elf:2    | Found Curusoz's Gadget Shoppe.
 27949 | Elf:2    | Found Vill's Jewellery Boutique.
 27949 | Elf:2    | Found Qigiunae's Jewellery Boutique.
 28185 | D:10     | Bought the ring of Godonleh {rElec rPois rN+ Int+3} for 571
                  | gold pieces
 28325 | Spider:1 | Entered Level 1 of the Spider Nest
 28619 | Spider:1 | Reached XP level 17. HP: 171/171 MP: 18/18
 29115 | Spider:2 | Noticed Jorgrun
 29141 | Spider:2 | Identified the +0 shield of the Storm King {Int+2 Dex+2}
 29141 | Spider:2 | Noticed Asterion
 29142 | Spider:2 | Noticed Donald
 29162 | Spider:1 | Killed Asterion
 29331 | Spider:1 | Killed Donald
 30264 | Spider:4 | Entered Level 4 of the Spider Nest
 30396 | Spider:4 | Noticed Arachne
 30413 | Spider:4 | Killed Arachne
 31341 | Spider:4 | Reached XP level 18. HP: 168/180 MP: 1/19
 31526 | Spider:4 | Reached skill level 5 in Armour
 31526 | Spider:4 | Reached skill level 5 in Dodging
 32128 | Spider:4 | Got a gossamer rune of Zot
 32404 | Spider:2 | Killed Jorgrun
 32927 | Swamp:1  | Entered Level 1 of the Swamp
 33699 | Swamp:2  | Noticed Louise
 33723 | Swamp:2  | Killed Louise
 35067 | Swamp:4  | Entered Level 4 of the Swamp
 35169 | Swamp:4  | Reached skill level 10 in Armour
 35268 | Swamp:4  | Reached XP level 19. HP: 161/189 MP: 20/20
 35301 | Swamp:4  | Got a decaying rune of Zot
 35324 | Swamp:4  | Reached skill level 10 in Dodging
 36301 | Vaults:1 | Entered Level 1 of the Vaults
 36463 | Vaults:1 | Found the +10 dark maul {crush}
 36632 | Vaults:1 | Reached XP level 20. HP: 191/198 MP: 21/21
 36825 | Vaults:1 | Found a roughly hewn altar of Beogh.
 37366 | Vaults:1 | Found Ekole's Food Emporium.
 37370 | Vaults:1 | Bought a ration for 65 gold pieces
 37370 | Vaults:1 | Bought a ration for 65 gold pieces
 37370 | Vaults:1 | Bought a ration for 65 gold pieces
 37370 | Vaults:1 | Bought a ration for 65 gold pieces
 37370 | Vaults:1 | Bought a ration for 65 gold pieces
 37370 | Vaults:1 | Bought a ration for 65 gold pieces
 37370 | Vaults:1 | Bought a ration for 65 gold pieces
 37450 | Vaults:1 | Found an ancient bone altar of Kikubaaqudgha.
 38297 | Vaults:2 | Reached skill level 27 in Shields
 38847 | Vaults:2 | Reached XP level 21. HP: 196/207 MP: 22/22
 38857 | Vaults:2 | Found a staircase to the Crypt.
 40334 | Vaults:4 | Noticed Aizul
 40346 | Vaults:4 | Killed Aizul
 40522 | Vaults:4 | Noticed Jory
 40541 | Vaults:4 | Killed Jory
 40616 | Vaults:4 | Found a ruined gateway.
 40854 | Desolati | Entered the Desolation of Salt
 40883 | Desolati | Found the macabre finger necklace {rN+}
 41001 | Desolati | Reached XP level 22. HP: 212/226 MP: 23/23
 41306 | Desolati | Identified Sif Muna's Compendium of Supportive Aid
 41308 | Desolati | Identified Orotaolu's Tome of the Eternal Fruit
 41690 | Desolati | Got a translucent ring mail
 41691 | Desolati | Identified the +4 ring mail "Ytoa" {-Cast rElec rC++ Int+4}
                  | (You found it in the Desolation of Salt)
 41935 | Desolati | Identified the Grimoire of Burning Clay
 42617 | Vaults:4 | Reached skill level 27 in Fighting
 43225 | Crypt:1  | Entered Level 1 of the Crypt
 43234 | Crypt:1  | Noticed Boris
 43243 | Crypt:1  | Killed Boris
 43479 | Crypt:3  | Entered Level 3 of the Crypt
 43998 | Crypt:3  | Reached skill level 15 in Armour
 44012 | Crypt:3  | Reached XP level 23. HP: 222/240 MP: 24/24
 44151 | Crypt:3  | Noticed an ancient lich
 44151 | Crypt:3  | Noticed an ancient lich
 44175 | Crypt:3  | Killed an ancient lich
 44209 | Crypt:3  | Killed an ancient lich
 44212 | Crypt:3  | Noticed an ancient lich
 44237 | Crypt:3  | Killed an ancient lich
 44265 | Crypt:3  | Identified the +1 chain mail "Yturcheape" {MR++} (You found
                  | it on level 3 of the Crypt)
 44267 | Crypt:3  | Got a distressingly furry ring mail
 44567 | Crypt:3  | Found a staircase to the Tomb.
 45741 | Crypt:2  | Identified the +2 ring mail of Lugonu's Reproof {Int+5}
                  | (You found it on level 3 of the Crypt)
 45878 | Crypt:1  | Found a transporter.
 45983 | Crypt:1  | Noticed an ancient lich
 45986 | Crypt:1  | Found a radiant altar of Vehumet.
 46382 | Crypt:1  | Killed an ancient lich
 46433 | Crypt:1  | Found a transporter.
 46716 | Depths:1 | Entered Level 1 of the Depths
 46725 | Depths:1 | Reached skill level 1 in Air Magic
 46790 | Depths:1 | Found a one-way gate to the infinite horrors of the Abyss.
 46809 | Depths:1 | Found a runed translucent door.
 46816 | Depths:1 | Noticed Boris
 46836 | Depths:1 | Killed Boris
 46970 | Depths:1 | Reached skill level 5 in Air Magic
 46990 | Depths:1 | Reached XP level 24. HP: 221/249 MP: 24/24
 47436 | Depths:1 | Found a gateway to Hell.
 47724 | Depths:2 | Noticed an ancient lich
 48184 | Depths:3 | Found a gateway to a ziggurat.
 48367 | Depths:3 | Found a one-way gate leading to the halls of Pandemonium.
 48370 | Depths:3 | Gained mutation: Your flesh is heat resistant. (rF+) [a
                  | neqoxec]
 48421 | Depths:3 | Noticed Xtahua
 48431 | Depths:3 | Killed Xtahua
 48599 | Depths:3 | Noticed Boris
 48618 | Depths:3 | Killed Boris
 49127 | Depths:4 | Noticed a juggernaut
 49142 | Depths:4 | Killed a juggernaut
 49142 | Depths:4 | Reached skill level 15 in Dodging
 49210 | Depths:4 | Reached XP level 25. HP: 155/257 MP: 24/24
 49218 | Depths:4 | Noticed a juggernaut
 49548 | Depths:4 | Noticed Saint Roka
 49568 | Depths:4 | Killed a juggernaut
 49581 | Depths:4 | Killed Saint Roka
 50171 | Depths:4 | Identified the +5 demon blade "Boplumigg" {drain, rN++}
                  | (You found it on level 4 of the Depths)
 50323 | Depths:5 | Entered Level 5 of the Depths
 50835 | Depths:5 | Found a gate to the Realm of Zot.
 51553 | Depths:2 | Killed an ancient lich
 51659 | Depths:2 | Found Orru's Distillery.
 51667 | Depths:2 | Bought a potion of curing for 42 gold pieces
 51667 | Depths:2 | Bought a potion of curing for 42 gold pieces
 51667 | Depths:2 | Bought a potion of resistance for 140 gold pieces
 51667 | Depths:2 | Bought a potion of curing for 42 gold pieces
 51667 | Depths:2 | Bought a potion of curing for 42 gold pieces
 51667 | Depths:2 | Bought a potion of ambrosia for 112 gold pieces
 51728 | Depths:2 | Identified the Collected Works on Sinister Rites
 51940 | Depths:2 | Identified the +9 war axe "Nidwyuxe" {venom, rPois Stlth+}
 52005 | Depths:2 | Found the +9 staff of Olgreb {rPois}
 52249 | Depths:2 | Learned a level 2 spell: Blink
 52683 | Elf:3    | Reached skill level 1 in Necromancy
 52695 | Elf:3    | Reached skill level 1 in Hexes
 53002 | Elf:3    | Reached XP level 26. HP: 266/266 MP: 25/25
 53353 | Elf:3    | Identified the +4 rapier of the Wasteland {pain, rN++ SInv}
 53470 | Elf:3    | Identified the Handbook of Nocuous Clay
 53493 | Elf:3    | Identified the cursed +0 rapier of Kuovol {drain, Int+4}
 53493 | Elf:3    | Identified the +2 robe of the Moneychanger {Int+4 Dex+6}
 53551 | Elf:3    | Identified the +4 battleaxe of Parts Unknown {freeze, Int+3
                  | Dex+3}
 53890 | Elf:2    | Bought the amulet "Rytisiuwn" {Gourm -Tele rC+++ rN++
                  | Int+3} for 1580 gold pieces
 54232 | Vaults:5 | Entered Level 5 of the Vaults
 54323 | Vaults:5 | Got a shimmering turquoise ring
 54324 | Vaults:5 | Identified the ring "Rudghuji" {+Inv rPois Str-3 SInv
                  | Stlth-} (You found it on level 5 of the Vaults)
 54357 | Vaults:5 | Reached skill level 5 in Charms
 54371 | Vaults:5 | Got a bloodstained hand axe
 54400 | Vaults:5 | Reached skill level 5 in Necromancy
 54419 | Vaults:5 | Reached skill level 5 in Spellcasting
 54665 | Vaults:5 | Reached skill level 5 in Hexes
 54754 | Vaults:5 | Got a silver rune of Zot
 54854 | Vaults:5 | Found Verigh's Distillery.
 54906 | Vaults:5 | Bought 2 potions of curing for 120 gold pieces
 54906 | Vaults:5 | Bought a potion of curing for 60 gold pieces
 54906 | Vaults:5 | Bought a potion of agility for 80 gold pieces
 54906 | Vaults:5 | Bought a potion of brilliance for 80 gold pieces
 54906 | Vaults:5 | Bought a potion of ambrosia for 160 gold pieces
 54958 | Vaults:5 | Noticed an ancient lich
 54967 | Vaults:5 | Killed an ancient lich
 54967 | Vaults:5 | Reached XP level 27. HP: 167/273 MP: 30/31
 55334 | Vaults:5 | Found Hasun's Food Shop.
 55334 | Vaults:5 | Found Cophodil's Food Shoppe.
 55338 | Vaults:5 | Bought a ration for 50 gold pieces
 55338 | Vaults:5 | Bought a ration for 50 gold pieces
 55338 | Vaults:5 | Bought a ration for 50 gold pieces
 55338 | Vaults:5 | Bought a ration for 50 gold pieces
 55338 | Vaults:5 | Bought a ration for 50 gold pieces
 55338 | Vaults:5 | Bought a ration for 50 gold pieces
 55338 | Vaults:5 | Bought a ration for 50 gold pieces
 55338 | Vaults:5 | Bought a ration for 50 gold pieces
 55338 | Vaults:5 | Bought a ration for 50 gold pieces
 55338 | Vaults:5 | Bought a ration for 50 gold pieces
 55345 | Vaults:5 | Bought a ration for 70 gold pieces
 55345 | Vaults:5 | Bought a ration for 70 gold pieces
 55345 | Vaults:5 | Bought a ration for 70 gold pieces
 55345 | Vaults:5 | Bought a ration for 70 gold pieces
 55345 | Vaults:5 | Bought a ration for 70 gold pieces
 55345 | Vaults:5 | Bought a ration for 70 gold pieces
 55345 | Vaults:5 | Bought a ration for 70 gold pieces
 55345 | Vaults:5 | Bought a ration for 70 gold pieces
 55505 | Vaults:5 | Identified the +8 spear of the Doomed Warrior {pierce,
                  | rPois rF- Str+3}
 55719 | Vaults:5 | Identified the +11 longbow "ETAOIN SHRDLU" {freeze, MR+
                  | Str+5 Int+4 Stlth+} (You found it on level 5 of the Vaults)
 56240 | D:12     | Killed Cuech's ghost
 56245 | D:12     | Killed Gauc's ghost
 56247 | D:12     | Killed Plog's ghost
 56263 | D:12     | Identified Komosch's Compendium of Enchantment and Evil
 56510 | D:2      | Killed Crazy Yiuf
 56570 | D:5      | Killed kulik242's ghost
 56983 | Slime:1  | Entered Level 1 of the Pits of Slime
 57016 | Slime:1  | Gained mutation: Your magical capacity is low. (-10% MP) [a
                  | shining eye]
 57233 | Slime:2  | Learned a level 3 spell: Spectral Weapon
 57258 | Slime:2  | Learned a level 5 spell: Silence
 57264 | Slime:2  | Learned a level 5 spell: Aura of Abjuration
 57641 | Slime:5  | Entered Level 5 of the Pits of Slime
 58131 | Slime:5  | Found a viscous altar of Jiyva.
 58184 | Slime:5  | Noticed the Royal Jelly
 58294 | Slime:5  | Paralysed by a floating eye for 3 turns
 58300 | Slime:5  | Paralysed by a floating eye for 4 turns
 58682 | Slime:5  | Found the cursed necklace of Bloodlust {*Rage +Rage MR++
                  | Int-3 Slay+6 *Curse}
 58683 | Slime:5  | Found the +6 Majin-Bo {vamp, Archmagi MP+6 Int+6}
 58685 | Slime:5  | Found the +8 orange crystal plate armour {Archmagi, Int+3
                  | Clar}
 58946 | Slime:5  | Killed the Royal Jelly
 59027 | Slime:5  | Got a slimy rune of Zot
 59061 | Slime:5  | Identified the Handbook of Burning Transformation
 59078 | Slime:5  | Identified Coekhorgh's Tome of Quantum Slavery
 59095 | Slime:5  | Got a heavily runed golden ring
 59096 | Slime:5  | Identified the ring of Moge {+Fly rN+ SInv} (You found it
                  | on level 5 of the Pits of Slime)
 59391 | Depths:1 | Voluntarily entered the Abyss.
 60079 | Abyss:2  | Paralysed by accursed screaming for 1 turns
 60450 | Abyss:3  | Gained mutation: You expend magic power (3 MP) to
                  | strengthen your wands. [a neqoxec]
 60555 | Abyss:4  | Got an abyssal rune of Zot
 60611 | Abyss:4  | Gained mutation: Your magical capacity is very low. (-20%
                  | MP) [a neqoxec]
 60655 | Depths:1 | Escaped the Abyss
 60882 | Zot:1    | Entered Level 1 of the Realm of Zot
 61420 | Zot:1    | Noticed an orb of fire
 61420 | Zot:1    | Gained mutation: You are clumsy. (Dex -2) [an orb of fire]
 61421 | Zot:1    | Gained mutation: You are occasionally teleported next to
                  | monsters. [an orb of fire]
 61432 | Zot:1    | Gained mutation: Scrolls take you a little longer to read.
                  | [an orb of fire]
 61446 | Zot:1    | Killed an orb of fire
 61842 | Zot:2    | Reached skill level 27 in Armour
 62076 | Zot:3    | Noticed an orb of fire
 62109 | Zot:3    | Gained mutation: You are weak. (Str -2) [an orb of fire]
 62116 | Zot:3    | Killed an orb of fire
 62153 | Zot:3    | Noticed an orb of fire
 62161 | Zot:3    | Gained mutation: Scrolls take you longer to read. [an orb
                  | of fire]
 62161 | Zot:3    | Gained mutation: Armour fits poorly on your strangely
                  | shaped body. [an orb of fire]
 62164 | Zot:3    | Gained mutation: Your magical capacity is extremely low.
                  | (-30% MP) [an orb of fire]
 62172 | Zot:3    | Killed an orb of fire
 62221 | Zot:3    | Lost mutation: Armour fits poorly on your strangely shaped
                  | body. [potion of mutation]
 62221 | Zot:3    | Lost mutation: You expend magic power (3 MP) to strengthen
                  | your wands. [potion of mutation]
 62221 | Zot:3    | Lost mutation: You are clumsy. (Dex -2) [potion of
                  | mutation]
 62221 | Zot:3    | Lost mutation: Your magical capacity is extremely low.
                  | (-30% MP) [potion of mutation]
 62221 | Zot:3    | Gained mutation: You are partially covered in molten
                  | scales. (AC +2) [potion of mutation]
 62221 | Zot:3    | Gained mutation: You are partially covered in yellow
                  | scales. (AC +2) [potion of mutation]
 62221 | Zot:3    | Gained mutation: Your spells are a little harder to cast,
                  | but a little more powerful. [potion of mutation]
 62356 | Zot:3    | Identified the +4 ring mail "Zaum" {rF+} (You found it on
                  | level 3 of the Realm of Zot)
 62527 | Zot:3    | Found Xaoqon's Changing Room.
 62550 | Zot:3    | Bought a potion of mutation for 152 gold pieces
 63049 | Zot:3    | Identified a scroll of acquirement
 63055 | Zot:3    | Found the +3 pair of gauntlets of War {Slay+5}
 63496 | Zot:5    | Entered Level 5 of the Realm of Zot
 64439 | Zot:4    | Lost mutation: Your spells are a little harder to cast, but
                  | a little more powerful. [potion of mutation]
 64439 | Zot:4    | Lost mutation: Scrolls take you longer to read. [potion of
                  | mutation]
 64439 | Zot:4    | Lost mutation: You are weak. (Str -2) [potion of mutation]
 64439 | Zot:4    | Gained mutation: Your muscles are strong. (Str +2) [potion
                  | of mutation]
 64568 | Hell     | Entered the Vestibule of Hell
 64568 | Hell     | Noticed Geryon
 64571 | Hell     | Noticed Murray
 64809 | Depths:5 | Lost mutation: Your magical capacity is very low. (-20% MP)
                  | [potion of mutation]
 64809 | Depths:5 | Lost mutation: You are partially covered in molten scales.
                  | (AC +2) [potion of mutation]
 64809 | Depths:5 | Lost mutation: Your muscles are strong. (Str +2) [potion of
                  | mutation]
 64809 | Depths:5 | Gained mutation: You are agile. (Dex +2) [potion of
                  | mutation]
 64809 | Depths:5 | Gained mutation: You are robust. (+10% HP) [potion of
                  | mutation]
 64809 | Depths:5 | Lost mutation: You are robust. (+10% HP) [potion of
                  | mutation]
 64809 | Depths:5 | Gained mutation: You are partially covered in slimy green
                  | scales. (AC +2) [potion of mutation]
 64810 | Depths:5 | Lost mutation: Your flesh is heat resistant. (rF+) [potion
                  | of mutation]
 64810 | Depths:5 | Lost mutation: You are partially covered in slimy green
                  | scales. (AC +2) [potion of mutation]
 64810 | Depths:5 | Gained mutation: You are frail. (-10% HP) [potion of
                  | mutation]
 64810 | Depths:5 | Gained mutation: You have large cloven feet. [potion of
                  | mutation]
 64859 | Pan      | Entered Pandemonium
 65147 | Pan      | Noticed Gotsat the pandemonium lord
 65618 | Pan      | Killed Gotsat the pandemonium lord
 65727 | Pan      | Got a demonic rune of Zot
 65808 | Pan      | Noticed Radoyro the pandemonium lord
 65811 | Pan      | Entered the realm of Cerebov.
 66232 | Pan      | Identified the amulet "Taacs" {Acrobat Str+3 Int+3}
 66453 | Pan      | Got a polished scale mail
 66456 | Pan      | Identified the +4 scale mail "Zoxtuek" {rElec Str+3 Dex+2
                  | Stlth+} (You found it in Pandemonium)
 66478 | Pan      | Identified the +6 sword of Cerebov {flame}
 66478 | Pan      | Identified the ring of Bunimm {rCorr Str+2}
 66478 | Pan      | Noticed Cerebov
 66480 | Pan      | Identified the +5 trident of the Badger {flame, rF+ MR+}
 66480 | Pan      | Identified the ring of the Twelve People {*Tele rElec rPois
                  | Dex+4}
 66598 | Pan      | Reached skill level 27 in Dodging
 66696 | Pan      | Reached skill level 1 in Evocations
 66841 | Pan      | Got a steaming turquoise ring
 66845 | Pan      | Identified the cursed ring of the Disturbing Planets {MR+
                  | MP+9 Int-3} (You found it in Pandemonium)
 66917 | Pan      | Killed Cerebov
 66964 | Pan      | Got a fiery rune of Zot
 67380 | Pan      | Reached skill level 5 in Evocations
 67404 | Pan      | Got a warped chain mail
 67410 | Pan      | Identified the cursed +0 chain mail "Nekyfimy" {rC+} (You
                  | found it in Pandemonium)
 67742 | Pan      | Gained mutation: Your magical capacity is very low. (-20%
                  | MP) [a neqoxec]
 68016 | Pan      | Entered the realm of Mnoleg.
 68024 | Pan      | Noticed Mnoleg
 68027 | Pan      | Paralysed by a floating eye for 2 turns
 68030 | Pan      | Gained mutation: You are very frail. (-20% HP) [a shining
                  | eye]
 68032 | Pan      | Paralysed by a floating eye for 4 turns
 68034 | Pan      | Gained mutation: You are extremely frail. (-30% HP) [a
                  | shining eye]
 68040 | Pan      | Lost mutation: You have large cloven feet. [a shining eye]
 68137 | Pan      | Found an exit through the horrors of the Abyss.
 68295 | Pan      | Gained mutation: Your spells are a little easier to cast,
                  | but a little less powerful. [a neqoxec]
 68402 | Pan      | Gained mutation: You are dopey. (Int -2) [a neqoxec]
 68440 | Pan      | Gained mutation: You have large cloven feet. [a shining
                  | eye]
 68451 | Pan      | Gained mutation: Potions are less effective at restoring
                  | your health. [a cacodemon]
 68454 | Pan      | Gained mutation: Potions are poor at restoring your health.
                  | [a shining eye]
 68456 | Pan      | Gained mutation: Scrolls take you longer to read. [a
                  | shining eye]
 68468 | Pan      | Gained mutation: Armour fits poorly on your strangely
                  | shaped body. [a shining eye]
 68473 | Pan      | Gained mutation: You tend to lose your temper in combat. [a
                  | shining eye]
 68766 | Pan      | Identified the +1 leather armour "Nikyew" {rElec Int+7}
                  | (You found it in Pandemonium)
 68781 | Pan      | Gained mutation: Potions cannot restore your health. [a
                  | cacodemon]
 68816 | Pan      | Gained mutation: Your body sometimes deteriorates upon
                  | taking damage. [a cacodemon]
 68938 | Pan      | Paralysed by a floating eye for 3 turns
 68996 | Pan      | Gained mutation: You do not regenerate when monsters are
                  | visible. [a shining eye]
 68998 | Pan      | Killed Mnoleg
 68998 | Pan      | Reached skill level 10 in Spellcasting
 69244 | Pan      | Got a glowing rune of Zot
 69380 | Pan      | Gained mutation: You occasionally shout uncontrollably at
                  | your foes. [a cacodemon]
 69400 | Pan      | Reached skill level 10 in Evocations
 69433 | Pan      | Took an exit into the Abyss.
 69433 | Abyss:1  | Escaped into the Abyss
 69552 | Depths:5 | Escaped the Abyss
 69897 | Depths:4 | Voluntarily entered the Abyss.
 69947 | Abyss:1  | Gained mutation: Scrolls take you much longer to read. [a
                  | shining eye]
 69948 | Abyss:1  | Lost mutation: You are agile. (Dex +2) [a shining eye]
 70250 | Abyss:1  | Reached skill level 1 in Translocations
 70287 | Depths:4 | Escaped the Abyss
 70411 | Depths:4 | Voluntarily entered the Abyss.
 70447 | Abyss:1  | Learned a level 3 spell: Portal Projectile
 70706 | Abyss:1  | Paralysed by you for 6 turns
 70945 | Abyss:1  | Gained mutation: You often lose your temper in combat. [a
                  | neqoxec]
 71096 | Abyss:1  | Gained mutation: Your magical capacity is extremely low.
                  | (-30% MP) [a neqoxec]
 71241 | Abyss:1  | Reached skill level 10 in Air Magic
 71661 | Depths:4 | Escaped the Abyss
 71763 | Zig:1    | Entered Level 1 of a ziggurat
 71768 | Zig:1    | Gained mutation: You are very dopey. (Int -4) [a cacodemon]
 71769 | Zig:1    | Gained mutation: Your body often deteriorates upon taking
                  | damage. [a cacodemon]
 71782 | Zig:2    | Entered Level 2 of a ziggurat
 71809 | Zig:3    | Entered Level 3 of a ziggurat
 71868 | Zig:4    | Entered Level 4 of a ziggurat
 71897 | Zig:5    | Entered Level 5 of a ziggurat
 71901 | Zig:5    | Noticed a juggernaut
 71914 | Zig:5    | Killed a juggernaut
 71973 | Zig:6    | Entered Level 6 of a ziggurat
 71978 | Zig:6    | Noticed Ywept the pandemonium lord
 73908 | Zot:5    | Noticed an ancient lich
 73908 | Zot:5    | Noticed an ancient lich
 73924 | Zot:5    | Killed an ancient lich
 73928 | Zot:5    | Killed an ancient lich
 73996 | Zot:5    | Noticed an orb of fire
 74004 | Zot:5    | Noticed an orb of fire
 74014 | Zot:5    | Killed an orb of fire
 74027 | Zot:5    | Noticed an ancient lich
 74028 | Zot:5    | Gained mutation: Your spells are easier to cast, but less
                  | powerful. [an orb of fire]
 74035 | Zot:5    | Noticed an orb of fire
 74036 | Zot:5    | Gained mutation: You are clumsy. (Dex -2) [an orb of fire]
 74039 | Zot:5    | Killed an orb of fire
 74048 | Zot:5    | Killed an ancient lich
 74200 | Zot:5    | Gained mutation: You have an uncontrollable temper. [an orb
                  | of fire]
 74211 | Zot:5    | Gained mutation: You are very clumsy. (Dex -4) [an orb of
                  | fire]
 74215 | Zot:5    | Killed an orb of fire
 74218 | Zot:5    | HP: 13/285 [tentacled monstrosity (5)]
 74220 | Zot:5    | Slain by a Killer Klown

Levels and vault maps discovered:
D:1:      sevenhm_arrival_forest_fort_small_3, layout_basic
D:2:      layout_basic, uniq_terence, uniq_crazy_yiuf_cottage
D:3:      layout_loops_ring, first_ration, uniq_natasha
D:4:      layout_loops_cross, uniq_menkaure
D:5:      layout_gridville, minmay_temple_entry_enclosed_plants, serial_shops,
          nicolae_shop_statue_plus, gammafunk_ghost_grave, minmay_manual_mail
D:6:      layout_rooms, cheibrodos_sewer_entry_bend, kennysheep_generic_room_16
D:7:      layout_basic, grunt_ogre_cave
D:8:      layout_basic, serial_shops, nicolae_shop_overgrown_old_shop,
          grunt_decor_resistance, fedhas_altar_3, uniq_gastronok, uniq_psyche
D:9:      layout_irregular_city, kennysheep_mini_moat,
          nicolae_qazlal_style_of_elements, uniq_grum
D:10:     layout_irregular_city, serial_shops, shop
D:11:     layout_roguey, lair_entry_dummy, small_chamber_with_monster,
          uniq_erica, uniq_josephine
D:12:     minmay_klotski, layout_loops_ring, enter_bailey_2,
          gammafunk_ghost_cemetery, basic_altar
D:13:     layout_layer_cave, david_vaults_4
D:14:     layout_cave_pools, serial_shops, nicolae_shop_stone, basic_altar,
          minmay_misc_feat_four_crosses
D:15:     grunt_enter_depths_giant_problem, layout_loops_cross
Temple:   grunt_wide_crystal_templ
Lair:1:   layout_gridlike, grunt_megastairs_3
Lair:2:   layout_roguey, portal_ice_cave_entry_pillars_2, serial_bayou_shore_b,
          lemuel_fruit_tree
Lair:3:   layout_cave_pods, nicolae_swamp_entry_splash_gauntlet, uniq_rupert
Lair:4:   layout_loops_ring, spider_nest_entry_rubble, beast_lair_carwin_4
Lair:5:   layout_cave_pods, slime_dummy, st_stairs_8, uniq_urug
Lair:6:   minmay_lair_end_frog_pond, layout_cave_pods, gauntlet_entry_generic,
          st_stairs_6, serial_bayou_lagoon_b, infiniplex_staircase_pool
Swamp:1:  layout_falls_marsh, nicolae_swamp_fairy_circle
Swamp:2:  layout_falls_marsh, evilmike_swamp_ruin_house_3, uniq_louise
Swamp:3:  layout_falls_marsh, nicolae_swamp_little_tower, swamp_pool2
Swamp:4:  swamp_fiery, layout_basic_swamp, swamp_pool4
Spider:1: layout_spider_delve, minivault_29
Spider:2: layout_spider_delve, uniq_jorgrun, uniq_donald, uniq_asterion
Spider:3: layout_spider_delve, spiders_nest_hornet_nest
Spider:4: grunt_spider_rune_island, uniq_arachne
Slime:1:  layout_caves, nicolae_slime_ancient_tower_intersection,
          nicolae_slime_barrier
Slime:2:  layout_caves
Slime:3:  layout_caves
Slime:4:  layout_caves
Slime:5
Orc:1:    layout_caves, nicolae_alphabet_shops
Orc:2:    grunt_orc_cross, layout_caves, special_room
Elf:1:    layout_geoelf_octagon, serial_shops, nicolae_shop_trees, orc_legates,
          grunt_megastairs_1
Elf:2:    layout_geoelf_diagonals, minmay_shop_mass, minmay_shop_grove
Elf:3:    nooodl_elf_gasket, layout_geoelf_diagonals
Vaults:1: v_rooms_6, v_pattern_3, v_misc_8, vaults_room_pool,
          special_room_vaults [special_room_orc], nicolae_vaults_alarming,
          serial_ice_b, nicolae_vaults_network_quinsquares
          [nicolae_vaults_network_quincunx_subvault,
          nicolae_vaults_network_quincunx_subvault,
          nicolae_vaults_network_quincunx_subvault,
          nicolae_vaults_network_quincunx_subvault], v_misc_29,
          ontoclasm_vaults_gateway, vaults_dpeg_diagonal,
          vaults_dpeg_encased_lava, layout_vaults_omnicross, serial_shops,
          shop_statue, basic_altar
Vaults:2: nicolae_vaults_three_branches, hangedman_vaults_corner_blocks,
          nicolae_vaults_little_squares_2, minmay_crypt_entry_skeletal_spiral,
          hangedman_vaults_trim, serial_ice_h, vaults_dpeg_hooks,
          ontoclasm_vaults_idyll, layout_vaults_chaotic_city
Vaults:3: ontoclasm_vaults_ligature, v_pattern_1,
          nicolae_vaults_yaktaur_gun_rack, dpeg_vaults_monster_row,
          nicolae_vaults_mini_display_case, nicolae_vaults_little_squares_2,
          nicolae_vaults_ring_of_whatevers, nicolae_vaults_little_ls,
          vaults_room_hangedman_quadrants, ontoclasm_vaults_loading_screen,
          v_alt_pattern_5, nicolae_vaults_asterisk, layout_vaults_omnibox
Vaults:4: v_misc_18, hangedman_vaults_unwind, v_misc_1, vaults_room_pools,
          nicolae_vaults_puzzle_piece, nicolae_vaults_network_square,
          nicolae_vaults_halls_meeting, v_misc_1,
          hangedman_vaults_corner_blocks, ontoclasm_vaults_shuriken,
          layout_vaults_maze_snakey, portal_desolation_entry_ruin, uniq_aizul,
          uniq_jory
Vaults:5: serial_shops
Crypt:1:  gammafunk_sealed_library, layout_misc_corridors, uniq_boris
Crypt:2:  layout_basic
Crypt:3:  david_glass_crypt, layout_misc_corridors, tomb_entry_shell_bobbens,
          st_stairs_11, eino_tiny_chamber, chequers_big_river
Depths:1: layout_forbidden_donut, kennysheep_pointless_box, abyss_entry,
          hangedman_tar_grid_catacomb, minmay_acid_items,
          kennysheep_random_hallway
Depths:2: kennysheep_water_balloons, layout_cave_shapes,
          grunt_hell_entry_dis_grunt, nicolae_wwwww, serial_shops,
          nicolae_shop_stone, special_room [special_room_morgue],
          lemuel_nasty_fountain
Depths:3: nicolae_whirlpool, layout_basic, enter_ziggurat_e,
          hangedman_decor_growths, rand_demon_pan_entry_5, hell_entry,
          lemuel_flamethrower_1, uniq_xtahua
Depths:4: minmay_the_grid_square_5x5_4x4_mashed
          [minmay_the_grid_square_5x5_inner_z,
          minmay_the_grid_square_5x5_bracketed,
          minmay_the_grid_square_5x5_three_small,
          minmay_the_grid_square_5x5_one_wall,
          minmay_the_grid_square_5x5_inner_v,
          minmay_the_grid_square_5x5_prize_rear_guard,
          minmay_the_grid_square_5x5_prize_snowflake,
          minmay_the_grid_square_5x5_broken_cross,
          minmay_the_grid_square_5x5_slash,
          minmay_the_grid_square_5x5_prize_pseudospiral,
          minmay_the_grid_square_5x5_prize_junk,
          minmay_the_grid_square_5x5_corner, minmay_the_grid_square_5x5_seven,
          minmay_the_grid_square_5x5_checkered,
          minmay_the_grid_square_5x5_tri_point,
          minmay_the_grid_square_5x5_gyroscope], layout_basic, hellmouth_1,
          nicolae_abyss_entry_one_way_or_another,
          chequers_serial_rivers_micro_a, uniq_saint_roka
Depths:5: grunt_zot_entry_gee_three, layout_basic,
          chequers_serial_rivers_micro_c, hell_entry, pan_entry,
          corexii_corridor_pit
Hell
Zot:1:    layout_onion_interference
Zot:2:    gammafunk_mikee_crab_dinner, layout_misc_corridors
Zot:3:    grunt_zot_stairs_faceoff, layout_onion_interference,
          nicolae_transmutations_shop
Zot:4:    layout_misc_corridors, zot_minivault_4
Zot:5:    layout_cathedral_of_symmetry, lemuel_golem_globe

Skill      XL: |  1  2  3  4  5  6  7  8  9 10 11 12 13 14 15 16 17 18 19 20 21 22 23 24 25 26 27 |
---------------+----------------------------------------------------------------------------------+-----
Polearms       | 3 4 5 7 8 |  8.0
Fighting       | 3 4 5 6 8 10 11 13 14 16 17 18 20 21 22 25 27 | 27.0
Armour         | 2 3 4 10 11 15 20 27 | 27.0
Dodging        | 3 4 9 10 11 16 20 27 | 27.0
Shields        | 6 10 13 15 16 17 18 21 23 25 27 | 27.0
Axes           | 2 6 8 11 12 14 15 16 17 | 17.0
Maces & Flails | 6 |  6.8
Air Magic      | 5 9 12 | 12.0
Necromancy     | 1 6 7 |  7.5
Spellcasting   | 2 6 12 | 12.7
Hexes          | 1 5 9 |  9.5
Charms         | 6 |  6.9
Evocations     | 11 | 11.0
Translocations | 2 |  2.1

Action                   |  1- 3 |  4- 6 |  7- 9 | 10-12 | 13-15 | 16-18 | 19-21 | 22-24 | 25-27 || total
-------------------------+-------+-------+-------+-------+-------+-------+-------+-------+-------++-------
Melee: Spear             |    79 |    95 |       |       |       |       |       |       |       ||   174
       Headbutt          |    11 |    20 |    51 |   120 |   297 |   284 |   254 |   422 |  1209 ||  2668
       Halberd           |       |    61 |   182 |       |       |       |       |       |       ||   243
       War axe           |       |       |   152 |   544 |  1085 |       |       |       |       ||  1781
       Demon whip        |       |       |       |     2 |    11 |    32 |     5 |       |       ||    50
       Broad axe         |       |       |       |       |    11 |  1310 |   963 |  1352 |  3905 ||  7541
Throw: Dart              |     1 |     9 |     3 |    13 |     3 |       |       |       |       ||    29
       Throwing net      |       |       |       |       |       |     1 |     1 |     1 |     3 ||     6
       Javelin           |       |       |       |       |       |     4 |       |       |    16 ||    20
 Cast: Infusion          |     3 |       |       |     1 |       |       |       |       |       ||     4
       Regeneration      |       |       |       |       |     4 |       |       |     2 |    33 ||    39
       Confusing Touch   |       |       |       |       |     2 |       |       |       |       ||     2
       Spectral Weapon   |       |       |       |       |       |       |       |       |    10 ||    10
       Silence           |       |       |       |       |       |       |       |       |     1 ||     1
       Portal Projectile |       |       |       |       |       |       |       |       |     1 ||     1
       Song of Slaying   |       |       |       |       |       |       |       |       |     1 ||     1
Invok: Brand Weapon With |       |       |       |       |     1 |       |       |       |       ||     1
 Abil: Evoke Berserk Rag |       |       |       |       |       |       |       |       |     2 ||     2
Evoke: Wand              |       |       |     3 |    10 |     6 |     6 |       |     2 |    23 ||    50
       Phial of floods   |       |       |       |     1 |     4 |       |     1 |     1 |       ||     7
       Phantom mirror    |       |       |       |       |     1 |       |       |       |     5 ||     6
       Lamp of fire      |       |       |       |       |       |       |       |       |     4 ||     4
  Use: Scroll            |     2 |     7 |     6 |    12 |    16 |    22 |    10 |    18 |    55 ||   148
       Potion            |     2 |     4 |     2 |     5 |    12 |     8 |     4 |    14 |    34 ||    85
 Stab: Sleeping          |       |       |       |       |     5 |       |       |       |       ||     5
       Confused          |       |       |       |       |     1 |     1 |       |     2 |       ||     4
       Invisible         |       |       |       |       |       |    17 |     1 |     6 |    16 ||    40
       Distracted        |       |       |       |       |       |       |       |     1 |     5 ||     6
       Paralysed         |       |       |       |       |       |       |       |       |     1 ||     1
  Eat: Chunk             |       |     6 |     9 |    10 |    16 |    13 |     7 |     8 |    11 ||    80
       Ration            |       |     1 |       |     5 |     6 |     7 |     4 |     4 |    23 ||    50
Armor: Leather armour    |     6 |       |       |       |       |       |       |       |       ||     6
       Ring mail         |    13 |    14 |       |       |       |       |       |       |       ||    27
       Chain mail        |       |    41 |   165 |   169 |    27 |   311 |    77 |   203 |   514 ||  1507
       Acid dragon scale |       |       |       |       |   151 |       |       |       |       ||   151
Dodge: Dodged            |    39 |    77 |   164 |   187 |   194 |   232 |    95 |   243 |  1030 ||  2261
Block: Buckler           |       |       |    40 |   259 |   141 |       |       |       |       ||   440
       Reflection        |       |       |       |    30 |    29 |    35 |    83 |   108 |   139 ||   424
       Large shield      |       |       |       |       |   570 |  1512 |   859 |  1390 |  3779 ||  8110
